 Dungeon Crawl Stone Soup version 0.31-a0-408-gb642c7f9a3 (webtiles) character file.

Game seed: 6883630708550790983

3643 Angani the Mimic (level 10, 0/76 (92) HPs)
             Began as a Meteoran Chaos Knight on July 30, 2023.
             Was a Believer of Lugonu.
             Slain by a gnoll sergeant
             ... wielding a +0 glaive
              (7 damage)
             ... in a bailey.
             The game lasted 00:14:07 (4410 turns).

Angani the Mimic (Meteoran Chaos Knight)            Turns: 4410, Time: 00:14:08

HP:   0/76 (92)     AC: 22    Str: 19      XL:     10   Next: 59%
MP:   4/4           EV:  8    Int: 13      God:    Lugonu [**....]
Gold: 285           SH:  7    Dex: 13 (14) Spells: 9/9 levels left

rFire   . . .        s - +1 hand axe (antimagic)
rCold   + . .        g - +0 kite shield
rNeg    . . .        A - +8 chain mail "Suzeucoc" {Harm}
rPois   .            (no helmet)
rElec   .            w - +1 cloak
rCorr   .            (no gloves)
SInv    .            r - +0 pair of boots
Will    ++...        d - amulet of magic regeneration Stlth
                     t - ring of protection from cold
HPRegen 0.32/turn    z - ring of willpower
MPRegen 0.49/turn

%: harm (+30% outgoing, +20% incoming)
@: glowing, heavily drained
A: sense surroundings 2, otherworldly, glowing, explore regen, hooves 1, robust
1, wild magic 1
a: Renounce Religion, Depart the Abyss, Banish


You were in a bailey.
You worshipped Lugonu.
Lugonu was pleased with you.
You visited 1 branch of the dungeon, and saw 8 of its levels.
You visited the Abyss 1 time.
You also visited: Bailey.

You collected 363 gold pieces.
You spent 78 gold pieces at shops.

Inventory:

Hand Weapons
 a - a +0 hand axe of chaos
 s - a +1 antimagic hand axe (weapon)
Armour
 g - a +0 kite shield (worn)
 j - a +0 chain mail
 m - a +2 hat
 r - a +0 pair of boots (worn)
 w - a +1 cloak (worn)
 A - the +8 chain mail "Suzeucoc" (worn) {Harm}
   (You found it on level 7 of the Dungeon)

   Harm:      It increases damage dealt and taken.
Jewellery
 d - an amulet of magic regeneration (around neck)
 t - a ring of protection from cold (left hand)
 z - a ring of willpower (right hand)
Talismans
 y - a maw talisman
Scrolls
 b - a scroll of immolation
 h - 2 scrolls of enchant weapon
 i - 3 scrolls of teleportation
 k - 3 scrolls of amnesia
 l - a scroll of torment
 p - a scroll of enchant armour
Potions
 e - a potion of curing
 f - 2 potions of mutation
Miscellaneous
 c - a piece from Xom's chessboard (12/15) (quivered)


   Skills:
 - Level 6.6 Fighting
 - Level 7.2 Axes
 - Level 6.6 Armour
 - Level 6.2 Dodging
 + Level 4.3 Invocations
 - Level 9.0 Shapeshifting


You had 9 spell levels left.
You didn't know any spells.
Your spell library was empty.

Dungeon Overview and Level Annotations

Branches:
Dungeon (8/15) Zot: 389    Temple (0/1) D:5          Bailey (1/1) Zot: 540
   Lair: D:8-11

Altars:
Kikubaaqudgha
Makhleb
Okawaru
Qazlal
Xom
The Shining One

Shops:
D:3 !

Annotations:
D:3 2 transporters, DEFE's ghost, weakling DESh


Innate Abilities, Weirdness & Mutations

You passively map the area around you.
You are easily found by Zot.
You glow in the dark.
You regain HP and MP as you explore.
You have large cloven feet.
You are robust. (+10% HP)
Your spells are a little harder to cast, but a little more powerful.


Message History

You hit the gnoll but do no damage.
The gnoll is moderately wounded.
You hit the gnoll sergeant but do no damage. x2
The gnoll sergeant hits you with a +0 halberd.
* * * LOW HITPOINT WARNING * * *
The gnoll barely misses you. The gnoll hits you but does no damage.
The gnoll sergeant barely misses you.
You hit the gnoll but do no damage.
The gnoll is moderately wounded.
You hit the gnoll sergeant but do no damage. x2
The gnoll sergeant hits you with a +0 halberd.
* * * LOW HITPOINT WARNING * * *
You block the gnoll's attack. The gnoll barely misses you.
The gnoll sergeant barely misses you.
You hit the gnoll but do no damage.
The gnoll is moderately wounded.
You hit the gnoll sergeant but do no damage.
You hit the gnoll sergeant.
The gnoll sergeant hits you with a +0 halberd.
* * * LOW HITPOINT WARNING * * *
The gnoll hits you but does no damage. The gnoll closely misses you.
You block the gnoll sergeant's attack.
You closely miss the gnoll.
The gnoll is moderately wounded.
You hit the gnoll sergeant but do no damage. x2
The gnoll hits you but does no damage.
The gnoll sergeant hits you with a +0 halberd.
* * * LOW HITPOINT WARNING * * *
The gnoll hits you from afar with a +0 spear.
* * * LOW HITPOINT WARNING * * *
The gnoll sergeant hits you but does no damage.
Unknown command.
Unknown command.
You hit the gnoll but do no damage.
The gnoll is moderately wounded.
You hit the gnoll sergeant but do no damage. x2
You block the gnoll sergeant's attack. You block the gnoll's attack.
The gnoll completely misses you.
The gnoll sergeant hits you with a +0 glaive.
You die...

* * ..≈≈♣♣ ,8 ,, ,*
#..≈.♣ * , , , ,#..≈.♣♣
, , , #..≈..♣ , ###
#..≈..♣ ,, #...*
#..≈..♣♣ *+ .....
#####..≈...♣♣ *
..$...#...g.g.†...♣♣♣#
,,
..8...'...)@.()..∩..∩#
,..$...#...'g.g....♣♣♣#
.....*#####..≈...♣♣
#... , #..≈...♣ , ###
,, ,#..≈...♣ , , ,,
,#..≈..♣♣ , *, #..≈.♣♣
, *#..≈.♣ * ** * * ,, *


You could see 2 gnoll sergeants and 2 gnolls.

Vanquished Creatures
  Erica (D:8)
  Sigmund (D:5)
  A yak (D:8)
  A wyvern (D:8)
  A steam dragon (D:8)
  Menkaure (D:4)
  Duvessa (D:6)
  An orc warrior (D:8)
  An ice beast (D:4)
  A sky beast (D:7)
  5 phantoms
  A gnoll sergeant (D:6)
  A scorpion (D:5)
  8 wights
  Dowan (D:6)
  3 hounds
  6 orc priests
  2 sleepcaps
  Natasha (twice) (D:4)
  2 iguanas (D:5)
  5 orc wizards
  Robin (D:4)
  16 gnolls
  10 adders
  An ufetubus (D:6)
  2 worms (D:5)
  A dart slug (D:4)
  23 orcs
  4 ball pythons
  4 bats
  4 endoplasms
  3 giant cockroaches
  16 hobgoblins
  7 kobolds
  5 quokkas
  5 frilled lizards
  17 goblins
  4 rats
169 creatures vanquished.

Vanquished Creatures (collateral kills)
  An orc wizard (D:4)
  Natasha (D:4)
  An orc (D:4)
  An endoplasm (D:4)
4 creatures vanquished.

Grand Total: 173 creatures vanquished

Notes
Turn   | Place    | Note
-------+----------+-------------------------------------------
     0 | D:1      | Angani the Meteoran Chaos Knight began the quest for the
                  | Orb.
     0 | D:1      | Reached XP level 1. HP: 19/19 MP: 2/2
    57 | D:1      | Reached XP level 2. HP: 22/26 MP: 3/3
   238 | D:1      | XOM: silly message
   350 | D:1      | Reached XP level 3. HP: 31/31 MP: 4/4
   437 | D:1      | XOM: divination: detect creatures
   682 | D:2      | XOM: divination: detect items
   875 | D:2      | XOM: 3-stop teleportation journey
   882 | D:2      | Reached XP level 4. HP: 37/40 MP: 5/5
  1007 | D:3      | Noticed a phantom
  1008 | D:3      | XOM: divination: detect items
  1021 | D:3      | Killed a phantom
  1022 | D:3      | Reached XP level 5. HP: 39/46 MP: 6/6
  1133 | D:3      | Found Ler Foeq's Distillery.
  1138 | D:3      | Bought a potion of curing for 39 gold pieces
  1138 | D:3      | Bought a potion of lignification for 39 gold pieces
  1181 | D:3      | XOM: give mutation
  1181 | D:3      | Gained mutation: You have sharp toenails. [Xom's grace]
  1228 | D:3      | XOM: divination: magic mapping
  1250 | D:3      | Found a transporter.
  1250 | D:3      | XOM: polymorph sleepcap -> sleepcap
  1251 | D:3      | Noticed DEFE's ghost (weakling DESh)
  1254 | D:3      | Noticed an ogre
  1259 | D:3      | Identified the +3 dire flail "Hueg" {heavy, Fragile Fly
                  | Str+2 Dex+5}
  1259 | D:3      | Noticed an ogre
  1261 | D:3      | Noticed an ogre
  1262 | D:3      | Reached XP level 6. HP: 9/53 MP: 7/7
  1269 | D:3      | Found a transporter.
  1323 | D:3      | XOM: scenery: create altars
  1424 | D:3      | XOM: scenery: summon butterflies
  1645 | D:4      | Reached skill level 5 in Axes
  1670 | D:4      | Noticed an ice beast
  1681 | D:4      | Killed an ice beast
  1682 | D:4      | Reached XP level 7. HP: 28/60 MP: 8/8
  1686 | D:4      | XOM: summons 7 friendly demons
  1693 | D:4      | Reached skill level 5 in Fighting
  1751 | D:4      | Found a stormy altar of Qazlal.
  1832 | D:4      | Noticed Menkaure
  1839 | D:4      | HP: 3/61 [Menkaure (2)]
  1840 | D:4      | Killed Menkaure
  1841 | D:4      | Reached skill level 5 in Armour
  1845 | D:4      | Noticed Natasha
  1855 | D:4      | Killed Natasha
  1869 | D:4      | Noticed Robin
  1872 | D:4      | Noticed Natasha
  1876 | D:4      | Reached XP level 8. HP: 29/69 MP: 9/9
  1881 | D:4      | XOM: polymorph cerulean imp -> crimson imp
  1881 | D:4      | Killed Natasha
  1889 | D:4      | Killed Robin
  1942 | D:4      | Noticed Natasha
  1946 | D:4      | Killed Natasha
  2045 | D:4      | XOM: summons 4 hostile shadow creatures
  2173 | D:5      | Entered Level 5 of the Dungeon
  2199 | D:5      | Reached skill level 5 in Dodging
  2201 | D:5      | XOM: fog
  2304 | D:5      | Noticed Sigmund
  2319 | D:5      | Killed Sigmund
  2382 | D:5      | Found a glowing golden altar of the Shining One.
  2563 | D:5      | XOM: noise
  2571 | D:5      | Gained mutation: You passively map the area around you.
                  | [Meteoran growth]
  2571 | D:5      | Reached XP level 9. HP: 28/75 MP: 3/10
  2575 | D:5      | XOM: potion effect (brilliance)
  2645 | D:5      | Found a staircase to the Ecumenical Temple.
  2855 | D:6      | XOM: 9-stop teleportation journey
  3011 | D:6      | Noticed Duvessa
  3013 | D:6      | Noticed Dowan
  3031 | D:6      | Killed Duvessa
  3032 | D:6      | Reached skill level 2 in Shapeshifting
  3042 | D:6      | Killed Dowan
  3048 | D:6      | XOM: 5-stop teleportation journey
  3300 | D:6      | Reached skill level 3 in Shapeshifting
  3411 | D:7      | Found a burning altar of Makhleb.
  3431 | D:7      | XOM: chaos cloud
  3434 | D:7      | XOM: confusion (+ monsters)
  3445 | D:7      | Reached skill level 4 in Shapeshifting
  3450 | D:7      | XOM: give mutations
  3450 | D:7      | Gained mutation: You are partially covered in iridescent
                  | scales. (AC +2) [Xom's grace]
  3450 | D:7      | Gained mutation: You expend magic power (3 MP) to
                  | strengthen your wands. [Xom's grace]
  3450 | D:7      | Gained mutation: You have a somewhat thin skeletal
                  | structure. (Dex +2, Stealth+) [Xom's grace]
  3450 | D:7      | Gained mutation: You are robust. (+10% HP) [Xom's grace]
  3451 | Abyss:1  | Found a corrupted altar of Lugonu.
  3451 | Abyss:1  | Cast into level 1 of the Abyss (Xom)
  3457 | Abyss:1  | Fell from the grace of Xom
  3457 | Abyss:1  | Became a worshipper of Lugonu the Unformed
  3457 | Abyss:1  | Reached * piety under Lugonu
  3457 | Abyss:1  | Reached ** piety under Lugonu
  3458 | D:7      | Escaped the Abyss
  3501 | D:7      | Reached skill level 5 in Shapeshifting
  3754 | D:7      | Identified the +8 chain mail "Suzeucoc" {Harm}
  3804 | D:8      | Lost mutation: You are partially covered in iridescent
                  | scales. (AC +2) [potion of mutation]
  3804 | D:8      | Lost mutation: You expend magic power (3 MP) to strengthen
                  | your wands. [potion of mutation]
  3804 | D:8      | Lost mutation: You are robust. (+10% HP) [potion of
                  | mutation]
  3804 | D:8      | Gained mutation: Your mind is acute. (Int +4, Str/Dex -1)
                  | [potion of mutation]
  3804 | D:8      | Gained mutation: Your spells are a little harder to cast,
                  | but a little more powerful. [potion of mutation]
  3837 | D:8      | Noticed Erica
  3838 | D:8      | Found an iron altar of Okawaru.
  3868 | D:8      | Killed Erica
  3869 | D:8      | Reached skill level 7 in Shapeshifting
  3869 | D:8      | Reached XP level 10. HP: 28/84 MP: 3/11
  3892 | D:8      | XOM: 2-stop teleportation journey
  3901 | D:8      | Found an ancient bone altar of Kikubaaqudgha.
  3922 | D:8      | Reached skill level 8 in Shapeshifting
  4032 | D:8      | XOM: give mutations
  4032 | D:8      | Lost mutation: You have a somewhat thin skeletal structure.
                  | (Dex +2, Stealth+) [Xom's mischief]
  4032 | D:8      | Gained mutation: You are robust. (+10% HP) [Xom's mischief]
  4032 | D:8      | Lost mutation: Your mind is acute. (Int +4, Str/Dex -1)
                  | [Xom's mischief]
  4032 | D:8      | Lost mutation: You have sharp toenails. [Xom's mischief]
  4032 | D:8      | Gained mutation: You have large cloven feet. [Xom's
                  | mischief]
  4094 | D:8      | Reached skill level 9 in Shapeshifting
  4094 | D:8      | Reached skill level 1 in Invocations
  4287 | D:8      | Noticed a two-headed ogre
  4348 | D:8      | Found a flagged portal.
  4355 | Bailey   | Entered a bailey
  4410 | Bailey   | Slain by a gnoll sergeant

Illustrated notes

Levels and vault maps discovered:
D:1:      minmay_arrival_doors, layout_loops_ring, grunt_decor_junction,
          nicolae_houndstooth_variations
D:2:      layout_loops_corners
D:3:      layout_loops_ring, marbit_many_paths, gammafunk_ghost_smash,
          serial_shops, nicolae_shop_rolling_square,
          chequers_serial_rivers_micro_e, minmay_misc_feat_four_crosses,
          chequers_serial_rivers_micro_c, chequers_arboretum,
          minmay_misc_feat_room, nicolae_figureground_pulse
D:4:      layout_rooms, nicolae_qazlal_scattered_showers, uniq_natasha,
          uniq_robin, uniq_menkaure
D:5:      layout_basic, mainiacjoe_overflow_concentric_impassable,
          minmay_temple_entry_mist, st_stairs_13, abandoned_shop,
          nicolae_twisty_statue_hallways, uniq_sigmund
D:6:      layout_layer_cave, grunt_dithmenos_shadows, uniq_duvessa
D:7:      layout_basic, mainiacjoe_overflow_cross_hatched, minivault_22
D:8:      layout_layer_cave, mainiacjoe_overflow_catwalk,
          mainiacjoe_overflow_paths, enter_bailey_2, uniq_erica
Bailey:   bailey_polearm_gnolls_kennysheep, bailey

Skill      XL: |  1  2  3  4  5  6  7  8  9 10 |
---------------+-------------------------------+-----
Axes           | 4 5 6 7 |  7.2
Dodging        | 2 3 4 5 6 |  6.2
Armour         | 3 4 5 6 |  6.6
Fighting       | 4 5 6 |  6.6
Shapeshifting  | 7 9 |  9.0
Invocations    | 4 |  4.3

Action                     |  1- 3 |  4- 6 |  7- 9 | 10-12 || total
---------------------------+-------+-------+-------+-------++-------
  Melee: Hand axe          |    75 |    92 |   419 |   132 ||   718
         Kick              |       |    19 |    12 |       ||    31
         Punch             |       |     2 |       |       ||     2
 Invoke: Depart the Abyss  |       |       |     1 |       ||     1
  Evoke: Piece from Xom's  |       |     4 |    12 |       ||    16
         Wand              |       |     3 |    12 |       ||    15
    Use: Scroll            |       |       |     8 |       ||     8
         Potion            |       |       |     7 |     1 ||     8
   Stab: Paralysed         |       |     5 |     8 |       ||    13
         Petrified         |       |       |     4 |       ||     4
         Petrifying        |       |       |     1 |       ||     1
         Confused          |       |       |     4 |       ||     4
 Armour: Leather armour    |    21 |       |       |       ||    21
         Scale mail        |    15 |     3 |       |       ||    18
         Chain mail        |       |    46 |   213 |   100 ||   359
         Skin              |       |       |       |    29 ||    29
  Dodge: Dodged            |    38 |    22 |   133 |    40 ||   233
  Block: Buckler           |       |    12 |    41 |       ||    53
         Kite shield       |       |       |    53 |    79 ||   132

Table legend: (Time is in decaauts)
 A = Elapsed time spent in this place.
 B = Non-inter-level travel time spent in this place.
 C = Inter-level travel time spent in this place.
 D = Time resting spent in this place.
 E = Time spent auto-exploring this place.
 F = Levels seen in this place.
 G = Mean time per level.
                   A        B        C        D        E       F      G
               +--------+--------+--------+--------+--------+-----+--------+
         Total |   4475 |   4152 |    323 |      0 |   2275 |  10 |  447.5 |
       Dungeon |   4410 |   4087 |    323 |      0 |   2275 |   8 |  551.2 |
         Abyss |      6 |      6 |      0 |      0 |      0 |   1 |    6.0 |
        Bailey |     58 |     58 |      0 |      0 |      0 |   1 |   58.0 |
               +--------+--------+--------+--------+--------+-----+--------+

Top non-repeatable levels by time:
     D:3: 651 daAuts
     D:5: 622 daAuts
     D:8: 578 daAuts
     D:6: 565 daAuts
     D:4: 561 daAuts
     D:2: 543 daAuts
     D:1: 461 daAuts
     D:7: 425 daAuts
  Bailey: 58 daAuts
 Abyss:1: 6 daAuts
